 Dungeon Crawl Stone Soup version 0.31-a0-801-gc67433417a (webtiles) character file.

Game seed: 4563545046241772485

18 GordonOverkill the Sneak (level 2, -5/19 HPs)
             Began as a Deep Elf Delver on Sept 20, 2023.
             Killed from afar by an orc wizard (10 damage)
             ... with a magic dart
             ... on level 6 of the Dungeon.
             The game lasted 00:01:15 (259 turns).

GordonOverkill the Sneak (Deep Elf Delver)           Turns: 259, Time: 00:01:16

Health: -5/19      AC:  3    Str:  9    XL:     2   Next: 51%
Magic:  4/4        EV: 12    Int: 14    God:
Gold:   52         SH:  0    Dex: 22    Spells: 1/1 levels left

rFire   . . .        a - +0 short sword
rCold   . . .        (no shield)
rNeg    . . .        b - +0 leather armour
rPois   .            (no helmet)
rElec   .            (no cloak)
rCorr   .            (no gloves)
SInv    .            (no boots)
Will    .....        (no amulet)
Stlth   +++          h - +6 ring of dexterity
HPRegen 0.23/turn    (no ring)
MPRegen 0.09/turn

%: no passive effects
@: no status effects
A: no striking features
a: no special abilities


You were on level 6 of the Dungeon.
You visited 1 branch of the dungeon, and saw 2 of its levels.

You collected 52 gold pieces.

Inventory:

Hand Weapons
 a - a +0 short sword (weapon)
Armour
 b - a +0 leather armour (worn)
Jewellery
 h - a +6 ring of dexterity (left hand)
Wands
 g - a wand of digging (3)
Scrolls
 c - a scroll of fog
 d - a scroll of revelation
 e - a scroll of fear
Potions
 f - a potion of haste


   Skills:
 - Level 3.0 Fighting
 + Level 2.4 Short Blades
 - Level 2.4 Dodging
 - Level 6.0 Stealth


You had one spell level left.
You didn't know any spells.
Your spell library was empty.

Dungeon Overview and Level Annotations

Branches:
Dungeon (6/15)
 Temple: D:4-7

Altars:

Shops:
D:6 !

Annotations:
D:6 Prince Ribbit


Message History

* * * LOW HITPOINT WARNING * * *
You are more poisoned.
The adder poisons you!
You miss the adder.
The adder is moderately wounded.
You feel sick. The adder bites you but does no damage.
You are too injured to fight recklessly!
The orc wizard shouts!
You hit the adder.
The adder is severely wounded.
You feel sick.
You hear a shout!
The adder bites you but does no damage.
You are too injured to fight recklessly!
You are too injured to fight recklessly!
You barely miss the adder.
The adder is severely wounded.
You feel sick. The adder closely misses you.
You are too injured to fight recklessly!
You hit the adder but do no damage.
The adder is severely wounded.
You feel sick. The adder barely misses you. The adder misses you.
You are too injured to fight recklessly!
You hit the adder.
You kill the adder!
The orc wizard casts a spell.
The orc wizard flickers and vanishes!
Deactivating autopickup; reactivate with Ctrl-A.
You hear a shout!
You are too injured to fight recklessly!
You feel sick.
You are too injured to fight recklessly!
You feel sick.
Okay, then.
You feel sick.
You are no longer poisoned.
A magic dart appears from out of thin air!
The magic dart hits you!
Ouch! That really hurt!
You die...

###.#######
##..........
#....#######
###..#...#
#....#.#.####
#.##.#.#...<#
....#.#.###### #
#.#.#......#
#@#.....##.#
#.#. #.#......#
#.#.. #.#......#
..>. #.#......#
#...#{#......#
###...#.#......#
#.....#.#......#
#.8.8.8.#......#
#..⌠.⌠..######.#


There were no monsters in sight!

Vanquished Creatures
  2 adders
2 creatures vanquished.

Notes
Turn   | Place    | Note
-------+----------+-------------------------------------------
     0 | D:5      | GordonOverkill the Deep Elf Delver began the quest for the
                  | Orb.
     0 | D:5      | Reached XP level 1. HP: 13/13 MP: 3/3
    25 | D:5      | Reached XP level 2. HP: 19/19 MP: 4/4
    36 | D:6      | Noticed Prince Ribbit
    89 | D:5      | Noticed a water moccasin
   237 | D:6      | Found Laonlomi's Distillery.
   246 | D:6      | Identified the amulet of Abiurchimyal {Fragile rElec rN++
                  | Regen+ Int+3}
   259 | D:6      | Killed from afar by an orc wizard

Illustrated notes

Levels and vault maps discovered:
D:5:      layout_gridville, pdpol_wu_jian_five_deadly_venoms,
          nicolae_overflow_hidden_temple, fountainhead, uniq_sigmund,
          uniq_grinder, uniq_duvessa, uniq_eustachio
D:6:      layout_basic, general_overflow_altar, mainiacjoe_overflow_alcove_1,
          serial_shops, nicolae_shop_temple_entry_statues_fountains,
          uniq_prince_ribbit1, uniq_maggie, uniq_edmund, uniq_blork_the_orc,
          uniq_menkaure

Skill      XL: |  1 |
---------------+----+-----
Fighting       | 3 |  3.0
Short Blades   | |  2.4
Dodging        | |  2.4
Stealth        | |  6.0

Action                     || total
---------------------------++-------
  Melee: Short sword       ||    10
   Stab: Sleeping          ||     1
 Armour: Leather armour    ||     5
  Dodge: Dodged            ||     6

Table legend: (Time is in decaauts)
 A = Elapsed time spent in this place.
 B = Non-inter-level travel time spent in this place.
 C = Inter-level travel time spent in this place.
 D = Time resting spent in this place.
 E = Time spent auto-exploring this place.
 F = Levels seen in this place.
 G = Mean time per level.
                   A        B        C        D        E       F      G
               +--------+--------+--------+--------+--------+-----+--------+
         Total |    257 |    248 |      9 |    100 |      0 |   2 |  128.5 |
       Dungeon |    257 |    248 |      9 |    100 |      0 |   2 |  128.5 |
               +--------+--------+--------+--------+--------+-----+--------+

Top non-repeatable levels by time:
     D:6: 173 daAuts
     D:5: 84 daAuts
